 Dungeon Crawl Stone Soup version 0.17.1-2-g5865329 (webtiles) character file.

29835 PossumBlood the Markself (level 13, -2/74 HPs)
             Began as a High Elf Hunter on Jan 24, 2016.
             Was the Champion of Okawaru.
             Slain by a skeletal warrior
             ... wielding a +1 scimitar of protection
              (7 damage)
             ... on level 13 of the Dungeon.
             The game lasted 01:19:29 (12729 turns).

PossumBlood the Markself (High Elf Hunter)         Turns: 12729, Time: 01:19:29

Health: -2/74      AC: 16    Str: 11    XL:     13   Next: 17%
Magic:  14/14      EV: 29    Int: 17    God:    Okawaru [******]
Gold:   787        SH:  0    Dex: 22    Spells: 0 memorised, 12 levels left

rFire  . . .     SeeInvis .     a - +3 shortbow (velocity)
rCold  . . .     Clarity  .     c - +3 leather armour
rNeg   + . .     SustAt   .     (shield currently unavailable)
rPois  .         Gourm    .     h - +2 hat
rElec  .         Spirit   .     D - +2 cloak
rCorr  .         Warding  +     i - +2 pair of gloves
rMut   .         Stasis   .     U - +1 pair of boots
MR     +....                    y - amulet of warding
Stlth  ++........               G - +2 ring of dexterity
                                o - +4 ring of slaying

@: somewhat resistant to hostile enchantments, unstealthy
A: no striking features
a: Heroism, Finesse, Renounce Religion


You were on level 13 of the Dungeon.
You worshipped Okawaru.
Okawaru was exalted by your worship.
You were not hungry.

You visited 2 branches of the dungeon, and saw 14 of its levels.
You also visited: Sewer.

You collected 853 gold pieces.
You spent 66 gold pieces at shops.

Inventory:

Hand Weapons
 a - a +3 shortbow of velocity (weapon)
 f - a +2 short sword of venom
 t - a +5 short sword
 C - a +2 executioner's axe of flaming
 E - a +1 longbow of flaming
 Z - the +7 spear "Ruoconub" {pierce, Int+8}
   (You found it on level 10 of the Dungeon)

   It inflicts extra damage upon your enemies.
   It affects your intelligence (+8).
Missiles
 b - 49 poisoned arrows
 d - 167 arrows (quivered)
 n - 42 arrows of flame
 O - 30 arrows of dispersal
 Q - 17 arrows of frost
Armour
 c - a +3 leather armour (worn)
 h - a +2 hat (worn)
 i - a +2 pair of gloves (worn)
 D - a +2 cloak (worn)
 U - a +1 pair of boots (worn)
Jewellery
 o - a +4 ring of slaying (left hand)
 p - an uncursed ring of protection from magic
 s - a +3 ring of evasion
 y - an amulet of warding (around neck)
 B - an uncursed ring of flight
 G - a +2 ring of dexterity (right hand)
Wands
 r - a wand of heal wounds (4)
 F - a wand of disintegration (10)
 I - a wand of frost (17)
 N - a wand of flame (48)
 R - a wand of slowing (30)
 T - a wand of invisibility (1)
 W - a wand of lightning (9)
Scrolls
 j - a scroll of random uselessness {unknown}
 w - a scroll of fog
 A - a scroll of recharging
 L - 3 scrolls of remove curse
 P - a scroll of magic mapping
 S - a scroll of fear
Potions
 k - a potion of resistance
 q - a potion of might
 u - a potion of invisibility {unknown}
 v - 3 potions of mutation
 z - 2 potions of flight
 J - a potion of brilliance
 M - a potion of lignification
Books
 m - a book of Cantrips

   Spells                             Type                      Level
   a - Corona                         Hexes                        1
   b - Animate Skeleton               Necromancy                   1
   c - Summon Small Mammal            Summoning                    1
   d - Apportation                    Translocation                1
 H - a book of Debilitation

   Spells                             Type                      Level
   a - Corona                         Hexes                        1
   b - Slow                           Hexes                        2
   c - Gell's Gravitas                Hexes/Translocation          3
   d - Inner Flame                    Hexes/Fire                   3
   e - Cause Fear                     Hexes                        4
   f - Leda's Liquefaction            Hexes/Earth                  4
Miscellaneous
 K - a box of beasts
Comestibles
 e - 2 bread rations
 l - 10 meat rations
 V - 12 fruits
 X - 14 royal jellies


   Skills:
 - Level 2.0 Fighting
 * Level 18.5 Bows
 - Level 17.4 Dodging
 - Level 1.1 Stealth


You had 12 spell levels left.
You didn't know any spells.

Dungeon Overview and Level Annotations

Branches:
Dungeon (13/15)            Temple (1/1) D:7            Lair (0/8) D:9
    Orc (0/4) D:11
 Vaults: D:13-14

Altars:
Ashenzari
Cheibriados
Dithmenos
Elyvilon
Fedhas
Gozag
Kikubaaqudgha
Makhleb
Nemelex Xobeh
Okawaru
Qazlal
Ru
Sif Muna
Trog
Vehumet
Xom
Yredelemnul
Zin
The Shining One

Shops:
D:8 *


Message History

* * * LOW HITPOINT WARNING * * *
There is an open door, spattered with blood here.
Drink which item? (? for menu, Esc to quit)
It was a potion of might.
You feel very mighty all of a sudden.
The skeletal warrior completely misses you.
Drink which item? (? for menu, Esc to quit)
It was a potion of cancellation.
Your magical effects are unravelling.
You feel magically purged.
You feel a little less mighty now.
The skeletal warrior completely misses you.
The skeletal warrior misses you.
Drink which item? (? for menu, Esc to quit)
It was a potion of cure mutation.
It has a very clean taste.
You feel robust.
Your fingernails shrink to normal size.
The skeletal warrior barely misses you.
The skeletal warrior completely misses you.
The skeletal warrior hits you with a scimitar of protection!
You die...

#...## #.### ####'########
## ##+ #...........# #.
.... #...........# .....
#...........#
....(.###...........### ##
)....(zz#...........'.###.
......#zz@..........#...'.
..... ###z..........#####.
#### ############# ##


You could see 4 skeletal warriors and a wight.

Vanquished Creatures
  Rupert (D:13)
  Nessos (D:12)
  4 hydras
  A centaur warrior (D:13)
  Urug (D:11)
  Sonja (D:10)
  2 unseen horrors (D:11)
  5 hill giants
  2 manticores
  A cyclops (D:7)
  The ghost of bosm the Insei, a novice OpTm (D:6)
  2 ugly things (D:12)
  3 centaur zombies
  Maurice (D:11)
  Joseph (D:7)
  2 gargoyles (D:12)
  A spiny frog (D:9)
  A queen bee (D:13)
  A two-headed ogre (D:13)
  A wyvern (D:9)
  3 wraiths (D:12)
  12 yaks
  A human (D:11)
  3 hippogriffs
  The ghost of Armus69 the Shield-Bearer, an amateur HOFi (D:4)
  A deep elf mage (D:12)
  A mottled dragon (D:13)
  7 vampire mosquitoes
  A hungry ghost (D:9)
  A warg (D:11)
  5 orc warriors
  An eye of draining (D:11)
  5 ogres
  2 ice beasts (D:7)
  4 sky beasts
  A wasp (D:12)
  7 centaurs
  5 phantoms
  5 big kobolds
  12 giant frogs
  2 gnoll sergeants
  6 scorpions
  A wyvern skeleton (D:13)
  13 wights
  31 killer bees
  4 jellies
  10 orc priests
  A wasp zombie (D:7)
  2 giant frog zombies (D:9)
  6 crimson imps
  3 giant frog skeletons
  Ijyb (D:3)
  7 hounds
  6 centaur skeletons
  9 orc wizards
  4 iguanas
  10 worker ants
  A killer bee zombie (D:5)
  3 sheep
  3 hound skeletons
  A worker ant zombie (D:9)
  15 gnolls
  9 adders
  3 river rats (Sewer)
  2 shadow imps
  2 oozes
  An adder skeleton (D:6)
  A worm (D:2)
  42 orcs
  2 ball pythons
  4 bats
  10 giant cockroaches
  5 goblins
  5 hobgoblins
  12 jackals
  12 kobolds
  5 quokkas
  A ball python skeleton (D:3)
  6 giant geckos
  5 giant newts
  A quokka skeleton (D:8)
  10 rats
  A plant (D:10)
389 creatures vanquished.

Notes
Turn   | Place    | Note
--------------------------------------------------------------
     0 | D:1      | PossumBlood the High Elf Hunter began the quest for the Orb.
     0 | D:1      | Reached XP level 1. HP: 14/14 MP: 2/2
   129 | D:1      | Reached XP level 2. HP: 19/19 MP: 3/3
   190 | D:1      | Reached skill level 6 in Bows
   559 | D:2      | Reached XP level 3. HP: 24/24 MP: 4/4
   626 | D:2      | Found an opulent altar of Gozag.
   709 | D:2      | Reached skill level 7 in Bows
   768 | D:2      | Reached XP level 4. HP: 29/29 MP: 5/5
  1169 | D:3      | Found a radiant altar of Vehumet.
  1394 | D:3      | Found a snail-covered altar of Cheibriados.
  1471 | D:3      | Reached skill level 8 in Bows
  1531 | D:3      | Found a faded altar to an unknown god.
  1546 | D:3      | Found a white marble altar of Elyvilon.
  1546 | D:3      | Noticed Ijyb
  1555 | D:3      | Killed Ijyb
  1568 | D:3      | Found a deep blue altar of Sif Muna.
  1583 | D:3      | Found a shattered altar of Ashenzari.
  1586 | D:3      | Found a sparkling altar of Nemelex Xobeh.
  1693 | D:3      | Reached XP level 5. HP: 34/34 MP: 6/6
  1855 | D:4      | Reached skill level 9 in Bows
  2071 | D:4      | Found a glowing drain.
  2103 | Sewer    | Entered a sewer
  2117 | Sewer    | Reached XP level 6. HP: 35/39 MP: 7/7
  2186 | Sewer    | Reached skill level 10 in Bows
  2227 | Sewer    | Found a white marble altar of Elyvilon.
  2791 | D:4      | Noticed Armus69's ghost (amateur HOFi)
  2805 | D:4      | Killed Armus69's ghost
  2805 | D:4      | Reached skill level 11 in Bows
  2805 | D:4      | Reached XP level 7. HP: 21/45 MP: 8/8
  2998 | D:5      | Entered Level 5 of the Dungeon
  3126 | D:5      | Found a glowing silver altar of Zin.
  3128 | D:5      | Found a bloodstained altar of Trog.
  3128 | D:5      | Found a glowing golden altar of the Shining One.
  3472 | D:5      | Found a basalt altar of Yredelemnul.
  3607 | D:6      | Reached skill level 12 in Bows
  3699 | D:6      | Noticed bosm's ghost (novice OpTm)
  3713 | D:6      | Killed bosm's ghost
  3713 | D:6      | Reached skill level 13 in Bows
  3713 | D:6      | Reached XP level 8. HP: 40/50 MP: 9/9
  4132 | D:6      | Reached skill level 14 in Bows
  4439 | D:6      | Reached skill level 5 in Dodging
  4781 | D:7      | Reached XP level 9. HP: 33/54 MP: 10/10
  5119 | D:7      | Gained mutation: You have sharp fingernails. [potion of mutation]
  5119 | D:7      | Gained mutation: You are frail (-10% HP). [potion of mutation]
  5191 | D:7      | Found a staircase to the Ecumenical Temple.
  5213 | Temple   | Entered the Ecumenical Temple
  5242 | Temple   | Became a worshipper of Warmaster Okawaru
  5327 | D:7      | Noticed a cyclops
  5336 | D:7      | Killed a cyclops
  5391 | D:7      | Noticed Joseph
  5409 | D:7      | Paralysed by Joseph for 7 turns
  5419 | D:7      | Killed Joseph
  5419 | D:7      | Reached * piety under Okawaru
  5692 | D:7      | Reached skill level 10 in Dodging
  5701 | D:7      | Found a sparkling altar of Nemelex Xobeh.
  5762 | D:7      | Reached ** piety under Okawaru
  6140 | D:8      | Found a shattered altar of Ashenzari.
  6188 | D:8      | Reached XP level 10. HP: 54/54 MP: 11/11
  6283 | D:8      | Found Uleom's General Store.
  6297 | D:8      | Bought a potion of curing for 33 gold pieces
  6297 | D:8      | Bought a potion of curing for 33 gold pieces
  6327 | D:8      | Identified the Disquisition on Helpful Translocation
  6356 | D:8      | Noticed a centaur zombie
  6367 | D:8      | Killed a centaur zombie
  6533 | D:8      | Reached *** piety under Okawaru
  6986 | D:9      | Found a staircase to the Lair.
  7404 | D:10     | Entered Level 10 of the Dungeon
  7539 | D:10     | Received a gift from Okawaru
  7672 | D:10     | Reached **** piety under Okawaru
  7741 | D:10     | Noticed a three-headed hydra
  7749 | D:10     | Killed a three-headed hydra
  7749 | D:10     | Reached XP level 11. HP: 55/57 MP: 12/12
  7818 | D:10     | Noticed a hill giant
  7825 | D:10     | Killed a hill giant
  7892 | D:10     | Reached skill level 15 in Dodging
  7976 | D:10     | Noticed Sonja
  8091 | D:10     | Killed Sonja
  8091 | D:10     | Reached ***** piety under Okawaru
  8180 | D:10     | Received a gift from Okawaru
  8239 | D:10     | Got a dazzling spear
  8240 | D:10     | Identified the +7 spear "Ruoconub" {pierce, Int+8} (You found it on level 10 of the Dungeon)
  8459 | D:11     | Noticed a hill giant
  8468 | D:11     | Killed a hill giant
  8491 | D:11     | Received a gift from Okawaru
  8666 | D:11     | Reached skill level 16 in Dodging
  8707 | D:11     | Found a staircase to the Orcish Mines.
  8802 | D:11     | Noticed Urug
  8804 | D:11     | Noticed a hill giant
  8814 | D:11     | Killed a hill giant
  8833 | D:11     | Killed Urug
  9152 | D:11     | Noticed Maurice
  9166 | D:11     | Killed Maurice
  9436 | D:11     | Killed an unseen horror
  9436 | D:11     | Received a gift from Okawaru
  9623 | D:11     | Noticed an eight-headed hydra
  9631 | D:11     | Killed an eight-headed hydra
  9631 | D:11     | Reached skill level 17 in Dodging
 10107 | D:11     | Killed an unseen horror
 10107 | D:11     | Received a gift from Okawaru
 10107 | D:11     | Reached XP level 12. HP: 48/63 MP: 10/13
 10128 | D:12     | Noticed Nessos
 10136 | D:12     | Killed Nessos
 10549 | D:12     | Received a gift from Okawaru
 10781 | D:12     | Reached skill level 15 in Bows
 10801 | D:12     | Received a gift from Okawaru
 10862 | D:12     | Noticed a four-headed hydra
 10869 | D:12     | Killed a four-headed hydra
 11242 | D:12     | Received a gift from Okawaru
 11802 | D:13     | Noticed a centaur warrior
 11815 | D:13     | Killed a centaur warrior
 11835 | D:13     | Noticed a four-headed hydra
 11844 | D:13     | Killed a four-headed hydra
 11862 | D:13     | Reached ****** piety under Okawaru
 12022 | D:13     | Received a gift from Okawaru
 12033 | D:13     | Reached XP level 13. HP: 66/66 MP: 14/14
 12090 | D:13     | Noticed Rupert
 12168 | D:13     | Paralysed by Rupert for 2 turns
 12474 | D:13     | Reached skill level 18 in Bows
 12586 | D:13     | Killed Rupert
 12586 | D:13     | Received a gift from Okawaru
 12729 | D:13     | Lost mutation: You are frail (-10% HP). [potion of cure mutation]
 12729 | D:13     | Lost mutation: You have sharp fingernails. [potion of cure mutation]
 12729 | D:13     | Slain by a skeletal warrior

Action                   |  1- 3 |  4- 6 |  7- 9 | 10-12 | 13-15 || total
-------------------------+-------+-------+-------+-------+-------++-------
Melee: Short sword       |       |       |     6 |       |       ||     6
       Long sword        |       |       |       |     8 |       ||     8
       Spear             |       |       |       |    36 |       ||    36
       Shortbow          |       |       |       |     4 |     1 ||     5
       Unarmed           |       |       |       |     1 |       ||     1
 Fire: Shortbow          |    57 |   139 |   285 |   923 |   107 ||  1511
Invok: Heroism           |       |       |       |     1 |     1 ||     2
  Use: Scroll            |       |     9 |    10 |     6 |     2 ||    27
       Potion            |       |       |     3 |    10 |     7 ||    20
  Eat: Royal jelly       |       |     2 |       |       |       ||     2
       Beef jerky        |       |     1 |       |     4 |       ||     5
       Bread ration      |       |       |     1 |       |     1 ||     2
       Pizza             |       |       |     1 |     6 |     1 ||     8
       Fruit             |       |       |     5 |     2 |       ||     7
